 Dungeon Crawl Stone Soup version 0.27-a0-604-g29a88b33a7 (webtiles) character file.

Game seed: 9039719605571124501

917 foci the Chopper (level 8, -6/48 HPs)
             Began as a Gargoyle Fighter on Mar 12, 2021.
             Mangled by Prince Ribbit (11 damage)
             ... on level 5 of the Dungeon.
             The game lasted 00:07:20 (4384 turns).

foci the Chopper (Gargoyle Fighter)                 Turns: 4384, Time: 00:07:21

Health: -6/48      AC: 14    Str: 20    XL:     8   Next: 9%
Magic:  8/8        EV:  8    Int: 10    God:
Gold:   185        SH:  9    Dex: 10    Spells: 7/7 levels left

rFire    . . .     SeeInvis .   a - +0 war axe
rCold    . . .     Faith    .   c - +0 kite shield
rNeg     + . .     Spirit   .   b - +0 scale mail
rPois    ∞         Reflect  .   f - +0 helmet
rElec    +         Harm     .   (no cloak)
rCorr    .         Rampage  .   (no gloves)
Will     .....                  (no boots)
Stlth    ..........             (no amulet)
HPRegen  0.16/turn              (no ring)
MPRegen  0.11/turn              (no ring)

@: no status effects
A: negative energy resistance 1, electricity resistance, torment resistance 1,
unbreathing 1, petrification resistance, AC +5
a: no special abilities


You were on level 5 of the Dungeon.
You visited 1 branch of the dungeon, and saw 5 of its levels.

You collected 185 gold pieces.

Inventory:

Hand Weapons
 a - a +0 war axe (weapon)
 s - a +0 battleaxe
Armour
 b - a +0 scale mail (worn)
 c - a +0 kite shield (worn)
 f - a +0 helmet (worn)
Wands
 n - a wand of flame (16) (quivered)
 q - a wand of digging (4)
Scrolls
 g - 3 scrolls of teleportation
 k - a scroll of fog
 l - a scroll of enchant armour {unknown}
 p - a scroll of enchant weapon
Potions
 d - 2 potions of might
 e - 2 potions of flight {unknown}
 h - 2 potions of attraction {unknown}
 i - a potion of mutation {unknown}
 j - a potion of resistance {unknown}
 m - a potion of curing
 o - a potion of heal wounds {unknown}
 r - 2 potions of magic {unknown}
 t - a potion of ambrosia {unknown}
 u - a potion of haste {unknown}


   Skills:
 + Level 4.4 Fighting
 * Level 6.5 Axes
 + Level 4.6 Armour
 * Level 2.5 Dodging
 - Level 4.0 Shields


You had 7 spell levels left.
You didn't know any spells.
Your spell library was empty.

Dungeon Overview and Level Annotations

Branches:
Dungeon (5/15)
 Temple: D:4-7

Altars:
Ashenzari
Cheibriados
Elyvilon
Makhleb
Nemelex Xobeh
Okawaru
Ru
Trog
Vehumet
Wu Jian
Xom
Yredelemnul

Annotations:
D:5 Prince Ribbit


Innate Abilities, Weirdness & Mutations

Your stone body is resilient. (AC +5)
You are immune to poison.
You resist negative energy. (rN+)
You are resistant to electric shocks. (rElec)
You are resistant to unholy torment.
You can survive without breathing.
You are immune to petrification.


Message History

You barely miss Prince Ribbit.
Prince Ribbit is moderately wounded.
Prince Ribbit barely misses you. You block Prince Ribbit's attack.
You completely miss Prince Ribbit.
Prince Ribbit is moderately wounded.
Prince Ribbit blinks!
Prince Ribbit hits you but does no damage.
Prince Ribbit closely misses you.
You closely miss Prince Ribbit.
Prince Ribbit is moderately wounded.
Prince Ribbit hits you! You block Prince Ribbit's attack.
You closely miss Prince Ribbit.
Prince Ribbit is moderately wounded.
You block Prince Ribbit's attack. Prince Ribbit hits you!
You slash Prince Ribbit!
Prince Ribbit is severely wounded.
Prince Ribbit barely misses you.
You closely miss Prince Ribbit.
Prince Ribbit is severely wounded.
Prince Ribbit hits you but does no damage.
Prince Ribbit blinks!
Found 16 gold pieces.
Prince Ribbit hits you but does no damage.
You closely miss Prince Ribbit.
Prince Ribbit is severely wounded.
Prince Ribbit hits you.
* * * LOW HITPOINT WARNING * * *
Prince Ribbit hits you!
* * * LOW HITPOINT WARNING * * *
You hit Prince Ribbit.
Prince Ribbit is severely wounded.
Prince Ribbit hits you but does no damage.
Prince Ribbit blinks!
Prince Ribbit croaks regally.
You block Prince Ribbit's attack.
Found a battleaxe.
You hit Prince Ribbit but do no damage.
Prince Ribbit is severely wounded.
Prince Ribbit closely misses you. Prince Ribbit hits you!
You die...

#................#
#..........†.......#
#..................
#............>....
#.................
##................
##...............
##...........♣.
#.....@F......
#..##.........♣ ...#
##......... ....
##........ ...#
##....$.. .. #......
#..... )..##


You could see Prince Ribbit.

Vanquished Creatures
  Sigmund (D:3)
  Eustachio (D:5)
  2 phantoms (D:5)
  Blork the orc (D:5)
  A hound (D:5)
  Ijyb (D:3)
  Jessica (D:3)
  An iguana (D:3)
  An orc wizard (D:3)
  Natasha (D:4)
  3 worker ants
  Robin (D:3)
  4 gnolls
  2 adders
  An ufetubus (D:4)
  2 worms
  2 dart slugs
  6 leopard geckos
  2 orcs (D:4)
  2 giant cockroaches
  18 goblins
  6 hobgoblins
  2 jackals (D:4)
  A ball python (D:3)
  10 bats
  A frilled lizard (D:4)
  A hobgoblin zombie (D:5)
  6 kobolds
  2 kobold zombies (D:5)
  An orc zombie (D:5)
  A quokka skeleton (D:4)
  6 rats
91 creatures vanquished.

Vanquished Creatures (others)
  A frilled lizard (D:4)
1 creature vanquished.

Grand Total: 92 creatures vanquished

Notes
Turn   | Place    | Note
-------+----------+-------------------------------------------
     0 | D:1      | foci the Gargoyle Fighter began the quest for the Orb.
     0 | D:1      | Reached XP level 1. HP: 14/14 MP: 1/1
    94 | D:1      | Reached skill level 2 in Axes
    94 | D:1      | Reached XP level 2. HP: 1/19 MP: 2/2
   520 | D:1      | Reached XP level 3. HP: 23/23 MP: 3/3
  1457 | D:2      | Reached skill level 1 in Dodging
  1457 | D:2      | Reached XP level 4. HP: 21/28 MP: 4/4
  1735 | D:2      | Found a bloodstained altar of Trog.
  1737 | D:2      | Found a broken altar of Ashenzari.
  1792 | D:2      | Found a sparkling altar of Nemelex Xobeh.
  1792 | D:2      | Found a burning altar of Makhleb.
  1832 | D:2      | Reached skill level 3 in Axes
  1846 | D:2      | Found a white marble altar of Elyvilon.
  2066 | D:3      | Noticed Sigmund
  2074 | D:3      | Killed Sigmund
  2075 | D:3      | Reached skill level 4 in Axes
  2075 | D:3      | Reached XP level 5. HP: 29/33 MP: 5/5
  2075 | D:3      | Reached XP level 6. HP: 33/38 MP: 6/6
  2140 | D:3      | Found a snail-covered altar of Cheibriados.
  2301 | D:3      | Noticed Robin
  2312 | D:3      | Killed Robin
  2437 | D:3      | Found a sacrificial altar of Ru.
  2437 | D:3      | Found an iron altar of Okawaru.
  2483 | D:3      | Noticed Jessica
  2497 | D:3      | Killed Jessica
  2622 | D:3      | Found a shimmering altar of Xom.
  2625 | D:3      | Found a shimmering altar of Xom.
  2625 | D:3      | Found a radiant altar of Vehumet.
  2625 | D:3      | Noticed Ijyb
  2627 | D:3      | Found a broken altar of Ashenzari.
  2627 | D:3      | Found an ornate altar of the Wu Jian Council.
  2655 | D:3      | Killed Ijyb
  2764 | D:3      | Reached skill level 5 in Axes
  3216 | D:4      | Reached XP level 7. HP: 35/43 MP: 7/7
  3472 | D:4      | Noticed Natasha
  3478 | D:4      | Killed Natasha
  3637 | D:5      | Entered Level 5 of the Dungeon
  3718 | D:5      | Noticed Blork the orc
  3736 | D:5      | Killed Blork the orc
  3970 | D:5      | Reached skill level 6 in Axes
  3973 | D:5      | Noticed Eustachio
  4002 | D:5      | Killed Eustachio
  4003 | D:5      | Reached XP level 8. HP: 6/48 MP: 8/8
  4334 | D:5      | Noticed Prince Ribbit
  4384 | D:5      | Mangled by Prince Ribbit

Illustrated notes

Levels and vault maps discovered:
D:1:      dpeg_arrival_rhombi, layout_basic, roderic_malta_cross
D:2:      layout_rooms, lemuel_coloured_pillars_altar,
          nicolae_overflow_hidden_temple
D:3:      layout_loops_ring, gammafunk_temple_overflow_elements,
          kennysheep_slug_shrine, doesnt_xom_only_xom, uniq_ijyb, uniq_jessica,
          uniq_sigmund, uniq_robin
D:4:      layout_layer_cave, minmay_misc_feat_alley, uniq_natasha
D:5:      layout_layer_cave, minmay_temple_entry_trees, minmay_mini_ossuary,
          uniq_blork_the_orc, uniq_eustachio, uniq_prince_ribbit1

Skill      XL: |  1  2  3  4  5  6  7 |
---------------+----------------------+-----
Axes           | 2 4 5 6 |  6.5
Dodging        | 1 2 |  2.5
Shields        | 4 |  4.0
Armour         | 4 |  4.6
Fighting       | 4 |  4.4

Action                   |  1- 3 |  4- 6 |  7- 9 || total
-------------------------+-------+-------+-------++-------
Melee: War axe           |   112 |   153 |   111 ||   376
  Use: Scroll            |       |     3 |     1 ||     4
Armor: Scale mail        |    90 |   119 |    86 ||   295
Dodge: Dodged            |    40 |    79 |    48 ||   167
Block: Kite shield       |    70 |    81 |    68 ||   219

Table legend: (Time is in decaauts)
 A = Elapsed time spent in this place.
 B = Non-inter-level travel time spent in this place.
 C = Inter-level travel time spent in this place.
 D = Time resting spent in this place.
 E = Time spent auto-exploring this place.
 F = Levels seen in this place.
 G = Mean time per level.
                   A        B        C        D        E       F      G
               +--------+--------+--------+--------+--------+-----+--------+
         Total |   4585 |   4445 |    140 |    368 |   3116 |   5 |  917.0 |
       Dungeon |   4585 |   4445 |    140 |    368 |   3116 |   5 |  917.0 |
               +--------+--------+--------+--------+--------+-----+--------+

Top non-repeatable levels by time:
     D:1: 1244 daAuts
     D:3: 1208 daAuts
     D:5: 787 daAuts
     D:2: 708 daAuts
     D:4: 636 daAuts
